General information
- name: BNet
- type: Ladder team game (AT/RT)
- host: Battle.net
- saver: GOSU.GOD.
map: MarketSquare
- players: 8
- length: 21:09
- speed: Fast
- version: 1.26 W3XP
- replay type: Public
» download(151 KB)
Players
team 1 (loser)
JAGePRiCE (
green | 76 APM | 1603 actions | 21:06)
5 Blademaster
2 Wind Walk
3 Critical Strike
» actions
| Build / train | 43 | |
| Enter build submenu | 3 | |
| Enter hero's abilities submenu | 5 | |
| Right click | 1371 | |
| Select / deselect | 91 | |
| Use ability | 90 | |
1603 total
» units
» buildings
| Altar of Storms | 1 | |
| Orc Burrow | 1 | |
| Voodoo Lounge | 1 | |
| Black Citadel | 2 | |
5 total
» build order
00:10 Altar of Storms
00:12 Orc Burrow
00:25 Voodoo Lounge
11:17 Black Citadel
11:17 Black Citadel
» items
| Healing Salve | 2 | |
| Lesser Clarity Potion | 6 | |
| Scroll of Speed | 1 | |
| Boots of Speed | 1 | |
| Circlet of Nobility | 1 | |
| Potion of Healing | 6 | |
| Orb of Lightning | 1 | |
| Potion of Mana | 2 | |
20 total

»
SicK[THEGREAT] (
purple | 74 APM | 1566 actions | 21:04)
5 Blademaster
2 Wind Walk
3 Critical Strike
3 Tauren Chieftain
2 Shockwave
1 Endurance Aura
» actions
| Assign group hotkey | 22 | |
| Build / train | 85 | |
| Enter build submenu | 14 | |
| Enter hero's abilities submenu | 9 | |
| Right click | 568 | |
| Select / deselect | 476 | |
| Select group hotkey | 297 | |
| Use ability | 95 | |
1566 total
» units
| Peon | 7 | |
| Troll Batrider | 15 | |
| Wind Rider | 14 | |
| Shaman | 4 | |
40 total
» upgrades
| Ranged Weapons | 3 | |
| Armor | 2 | |
| Liquid Fire | 1 | |
| Envenomed Spears | 2 | |
| Shaman Training | 2 | |
10 total
» buildings
| Altar of Storms | 1 | |
| Orc Burrow | 7 | |
| Voodoo Lounge | 1 | |
| Stronghold | 3 | |
| War Mill | 1 | |
| Fortress | 3 | |
| Beastiary | 3 | |
| Spirit Lodge | 1 | |
20 total
» build order
00:09 Altar of Storms
00:11 Orc Burrow
01:11 Voodoo Lounge
01:50 Stronghold
01:50 Stronghold
01:51 Stronghold
01:53 War Mill
02:00 Orc Burrow
03:47 Orc Burrow
04:11 Fortress
04:11 Fortress
04:20 Beastiary
04:21 Beastiary
04:22 Beastiary
04:24 Orc Burrow
07:37 Orc Burrow
08:14 Orc Burrow
08:48 Orc Burrow
11:19 Spirit Lodge
» items
| Scroll of Speed | 2 | |
| Lesser Clarity Potion | 3 | |
| Healing Salve | 5 | |
| Orb of Lightning | 1 | |
| Scroll of Town Portal | 3 | |
14 total
I-MASS-BLUNTZ (
red | 43 APM | 907 actions | 21:08)
5 Dark Ranger
3 Black Arrow
2 Silence
» actions
| Assign group hotkey | 14 | |
| Build / train | 62 | |
| ESC pressed | 1 | |
| Enter build submenu | 41 | |
| Enter hero's abilities submenu | 6 | |
| Remove unit from queue | 1 | |
| Right click | 382 | |
| Select / deselect | 257 | |
| Select group hotkey | 85 | |
| Use ability | 58 | |
907 total
» units
| Wisp | 24 | |
| Archer | 8 | |
| Crypt Fiend | 1 | |
| Frost Wyrm | 6 | |
39 total
» upgrades
| Strength of the Wild | 1 | |
| Reinforced Hides | 1 | |
| Ultravision | 1 | |
| Improved Bows | 1 | |
| Creature Attack | 1 | |
| Creature Carapace | 1 | |
| Backpack | 0 | |
| Freezing Breath | 1 | |
7 total
» buildings
| Moon Well | 8 | |
| Ancient of War | 1 | |
| Altar of Elders | 1 | |
| Hunter's Hall | 2 | |
| Ancient of Wonders | 2 | |
| Tree of Ages | 2 | |
| Ancient Protector | 6 | |
| Ancient of Lore | 2 | |
| Ancient of Wind | 2 | |
| Sacrificial Pit | 1 | |
| Tree of Life | 1 | |
| Boneyard | 2 | |
| Spirit Tower | 1 | |
| Ziggurat | 2 | |
33 total
» build order
00:24 Moon Well
00:27 Ancient of War
01:00 Moon Well
01:26 Altar of Elders
03:13 Hunter's Hall
03:28 Ancient of Wonders
05:48 Tree of Ages
06:52 Moon Well
06:58 Ancient Protector
07:53 Ancient Protector
07:58 Ancient Protector
08:23 Ancient of Lore
08:28 Ancient of Wind
09:15 Moon Well
09:42 Moon Well
10:56 Ancient Protector
10:59 Ancient Protector
11:28 Sacrificial Pit
11:50 Moon Well
11:55 Tree of Life
12:05 Ancient of Wonders
13:43 Boneyard
13:47 Boneyard
14:00 Moon Well
15:50 Spirit Tower
16:40 Hunter's Hall
17:46 Tree of Ages
17:52 Ancient Protector
18:24 Ziggurat
19:09 Ziggurat
20:36 Moon Well
20:46 Ancient of Lore
20:56 Ancient of Wind
» items
| Scroll of Town Portal | 2 | |
| Potion of Healing | 1 | |
| Dust of Appearance | 1 | |
| Scroll of Speed | 1 | |
5 total
JMsgemelos (
teal | 69 APM | 760 actions | 11:03)
3 Goblin Alchemist
1 Healing Spray
1 Acid Bomb
1 Chemical Rage
» actions
| Assign group hotkey | 17 | |
| Basic commands | 58 | |
| Build / train | 31 | |
| Enter build submenu | 13 | |
| Enter hero's abilities submenu | 5 | |
| Remove unit from queue | 2 | |
| Right click | 226 | |
| Select / deselect | 94 | |
| Select group hotkey | 292 | |
| Use ability | 21 | |
760 total
» units
| Acolyte | 7 | |
| Ghoul | 3 | |
| Crypt Fiend | 7 | |
| Obsidian Statue | 3 | |
20 total
» upgrades
| Creature Carapace | 1 | |
| Creature Attack | 1 | |
| Burrow | 1 | |
| Web | 1 | |
4 total
» buildings
| Ziggurat | 6 | |
| Altar of Darkness | 1 | |
| Graveyard | 1 | |
| Tomb of Relics | 1 | |
| Crypt | 2 | |
| Halls of the Dead | 1 | |
| Slaughterhouse | 1 | |
13 total
» build order
00:16 Ziggurat
00:20 Altar of Darkness
01:04 Graveyard
01:11 Tomb of Relics
01:15 Ziggurat
01:36 Crypt
02:08 Crypt
03:49 Ziggurat
04:50 Ziggurat
04:57 Ziggurat
05:43 Halls of the Dead
07:13 Ziggurat
08:13 Slaughterhouse
team 2 (winner)
SPRO (
yellow | 51 APM | 1073 actions | 21:09)
6 Death Knight
3 Death Coil
3 Unholy Aura
3 Lich
2 Frost Nova
1 Frost Armor
» actions
| Assign group hotkey | 16 | |
| Basic commands | 73 | |
| Build / train | 56 | |
| Enter build submenu | 20 | |
| Enter hero's abilities submenu | 9 | |
| Give item / drop item | 1 | |
| Remove unit from queue | 2 | |
| Right click | 511 | |
| Select / deselect | 168 | |
| Select group hotkey | 162 | |
| Use ability | 55 | |
1073 total
» units
| Acolyte | 7 | |
| Ghoul | 3 | |
| Crypt Fiend | 10 | |
| Frost Wyrm | 7 | |
27 total
» upgrades
| Creature Attack | 3 | |
| Creature Carapace | 1 | |
| Web | 1 | |
5 total
» buildings
| Graveyard | 1 | |
| Crypt | 1 | |
| Ziggurat | 9 | |
| Altar of Darkness | 1 | |
| Tomb of Relics | 1 | |
| Nerubian Tower | 1 | |
| Halls of the Dead | 1 | |
| Black Citadel | 1 | |
| Spirit Tower | 4 | |
| Sacrificial Pit | 1 | |
| Boneyard | 2 | |
23 total
» build order
00:09 Graveyard
00:11 Crypt
00:39 Ziggurat
00:59 Altar of Darkness
01:26 Tomb of Relics
01:56 Nerubian Tower
02:11 Ziggurat
04:23 Halls of the Dead
04:26 Ziggurat
05:10 Ziggurat
07:27 Black Citadel
08:44 Ziggurat
10:24 Spirit Tower
10:26 Spirit Tower
10:30 Sacrificial Pit
11:25 Boneyard
14:40 Ziggurat
17:28 Ziggurat
17:29 Ziggurat
17:30 Ziggurat
18:04 Boneyard
20:30 Spirit Tower
20:42 Spirit Tower
» items
| Rod of Necromancy | 1 | |
| Scroll of Town Portal | 1 | |
| Orb of Corruption | 1 | |
3 total
dripinbeefflapz (
orange | 67 APM | 1411 actions | 21:09)
4 Blademaster
2 Wind Walk
2 Critical Strike
» actions
| Assign group hotkey | 6 | |
| Basic commands | 1 | |
| Build / train | 41 | |
| ESC pressed | 1 | |
| Enter build submenu | 27 | |
| Enter hero's abilities submenu | 4 | |
| Right click | 641 | |
| Select / deselect | 157 | |
| Select group hotkey | 445 | |
| Use ability | 88 | |
1411 total
» units
| Peon | 10 | |
| Wind Rider | 6 | |
| Troll Batrider | 1 | |
| Raider | 4 | |
21 total
» upgrades
| Ranged Weapons | 1 | |
| Ensnare | 1 | |
| Melee Weapons | 1 | |
3 total
» buildings
| Altar of Storms | 1 | |
| Orc Burrow | 11 | |
| Stronghold | 5 | |
| War Mill | 1 | |
| Voodoo Lounge | 1 | |
| Watch Tower | 4 | |
| Beastiary | 3 | |
| Great Hall | 1 | |
27 total
» build order
00:07 Altar of Storms
00:19 Orc Burrow
02:03 Stronghold
02:04 Stronghold
02:04 Stronghold
02:06 War Mill
02:19 Voodoo Lounge
03:00 Orc Burrow
03:23 Watch Tower
03:45 Orc Burrow
03:50 Orc Burrow
03:53 Watch Tower
04:27 Beastiary
04:35 Beastiary
04:40 Beastiary
05:03 Watch Tower
05:27 Orc Burrow
06:06 Orc Burrow
12:01 Great Hall
17:15 Orc Burrow
17:18 Orc Burrow
17:20 Watch Tower
18:48 Stronghold
18:51 Orc Burrow
18:52 Orc Burrow
19:06 Orc Burrow
» items
| Dust of Appearance | 3 | |
| Lesser Clarity Potion | 2 | |
| Boots of Speed | 1 | |
| Healing Salve | 1 | |
7 total
GOSU.GOD. (
pink | 90 APM | 1908 actions | 21:09)
6 Death Knight
3 Death Coil
2 Unholy Aura
1 Animate Dead
3 Lich
2 Frost Nova
1 Dark Ritual
» actions
| Assign group hotkey | 58 | |
| Build / train | 55 | |
| Enter build submenu | 15 | |
| Enter hero's abilities submenu | 9 | |
| Give item / drop item | 4 | |
| Right click | 902 | |
| Select / deselect | 182 | |
| Select group hotkey | 614 | |
| Use ability | 69 | |
1908 total
» units
| Acolyte | 2 | |
| Ghoul | 3 | |
| Crypt Fiend | 14 | |
| Frost Wyrm | 5 | |
24 total
» upgrades
| Creature Attack | 2 | |
| Creature Carapace | 1 | |
| Web | 1 | |
| Burrow | 1 | |
| Freezing Breath | 1 | |
6 total
» buildings
| Graveyard | 1 | |
| Crypt | 1 | |
| Altar of Darkness | 1 | |
| Ziggurat | 6 | |
| Tomb of Relics | 1 | |
| Nerubian Tower | 1 | |
| Halls of the Dead | 2 | |
| Black Citadel | 2 | |
| Sacrificial Pit | 1 | |
| Boneyard | 2 | |
| Necropolis | 1 | |
19 total
» build order
00:10 Graveyard
00:13 Crypt
00:43 Altar of Darkness
01:05 Ziggurat
01:41 Tomb of Relics
02:06 Ziggurat
02:12 Nerubian Tower
04:32 Halls of the Dead
04:32 Halls of the Dead
04:50 Ziggurat
05:13 Ziggurat
07:59 Black Citadel
08:00 Black Citadel
08:09 Sacrificial Pit
08:27 Ziggurat
10:59 Boneyard
11:16 Boneyard
13:56 Necropolis
18:33 Ziggurat
» items
| Rod of Necromancy | 2 | |
| Potion of Healing | 1 | |
| Scroll of Town Portal | 2 | |
| Potion of Lesser Invulnerability | 1 | |
6 total
GoldwingX (
blue | 46 APM | 966 actions | 21:09)
6 Blademaster
1 Wind Walk
3 Mirror Image
1 Critical Strike
1 Bladestorm
» actions
| Basic commands | 1 | |
| Build / train | 58 | |
| Enter build submenu | 21 | |
| Enter hero's abilities submenu | 6 | |
| Right click | 492 | |
| Select / deselect | 336 | |
| Use ability | 52 | |
966 total
» units
| Peon | 14 | |
| Wind Rider | 18 | |
| Kodo Beast | 1 | |
| Shaman | 5 | |
38 total
» upgrades
| Ranged Weapons | 3 | |
| Armor | 1 | |
| Spiked Barricades | 1 | |
| Envenomed Spears | 1 | |
| War Drums Damage Increase | 1 | |
| Shaman Training | 2 | |
9 total
» buildings
| Orc Burrow | 5 | |
| Altar of Storms | 1 | |
| War Mill | 1 | |
| Stronghold | 1 | |
| Voodoo Lounge | 1 | |
| Beastiary | 2 | |
| Great Hall | 2 | |
| Watch Tower | 6 | |
| Fortress | 1 | |
| Spirit Lodge | 2 | |
22 total
» build order
00:22 Orc Burrow
00:36 Altar of Storms
00:55 War Mill
02:19 Stronghold
02:25 Voodoo Lounge
02:46 Orc Burrow
04:17 Orc Burrow
04:42 Beastiary
04:44 Beastiary
05:17 Orc Burrow
08:26 Great Hall
10:06 Watch Tower
10:09 Watch Tower
10:12 Watch Tower
10:16 Watch Tower
10:19 Watch Tower
10:24 Watch Tower
10:28 Orc Burrow
12:17 Fortress
14:38 Great Hall
17:43 Spirit Lodge
17:47 Spirit Lodge
» items
| Lesser Clarity Potion | 1 | |
| Healing Salve | 1 | |
2 total
Chat log
(00:15 / Allies) dripinbeefflapz: tech
(00:28 / Allies) SPRO: on edge vs hacker
(00:31 / Allies) SPRO: not smart but ok
(00:33 / Allies) dripinbeefflapz: air
(00:46 / Allies) GOSU.GOD.: jagedprice hacks?
(00:54 / Allies) SPRO: ya
(01:04 / Allies) SPRO: basically entire clan does
(01:28 / All) I-MASS-BLUNTZ: lol
(01:30 / All) I-MASS-BLUNTZ: of course it is
(01:33 / Allies) GOSU.GOD.: i know of akubo and johnny true love
(02:27 / Allies) GOSU.GOD.: we're gonna get raped
(02:39 / Allies) SPRO: ya pretty much
(02:48 / All) GOSU.GOD.: HOW MUCH GOLD I GOT GREEN
(02:55 / All) SicK[THEGREAT]: 205
(03:31 / Allies) SPRO: lol....
(05:28 / Allies) GOSU.GOD.: i dont see a point in creeping middle
(05:34 / Allies) dripinbeefflapz: do it
(05:44 / Allies) GoldwingX: can we hit after wind riders?
(05:56 / Allies) dripinbeefflapz: fuck me
(06:11 / Allies) GoldwingX: upgrade units oj
(06:16 / Allies) dripinbeefflapz: creep mid
(06:18 / Allies) dripinbeefflapz: now all
(07:34 / All) SPRO: classic jage jack
(07:36 / Allies) GoldwingX: they prob done
(07:37 / All) SPRO: hacker city
(07:38 / All) JAGePRiCE: :)
(07:54 / Allies) GOSU.GOD.: lets just hit
(08:31 / Allies) SPRO: tower base for bats too
(08:38 / Allies) GoldwingX: meet
(08:39 / Allies) GoldwingX: hold on
(10:32 / Allies) GOSU.GOD.: jea;
(10:43 / Allies) SPRO: tower ur bases
(10:44 / Allies) GOSU.GOD.: heal
(10:55 / Allies) SPRO: rather kill
(11:34 / Allies) GOSU.GOD.: lets hit expos
(11:39 / Allies) dripinbeefflapz: gold
(11:41 / Allies) dripinbeefflapz: main
(11:44 / Allies) GoldwingX: give ur wood oj
(12:29 / Allies) SPRO: wood
(12:32 / Allies) SPRO: orange find expos
(12:56 / Allies) dripinbeefflapz: air
(13:32 / Allies) SPRO: tp
(13:52 / Allies) GOSU.GOD.: come lets hit
(14:02 / Allies) SPRO: remember when i said tower base
(14:35 / Allies) GOSU.GOD.: he would have wiped it out anyways
(14:45 / Allies) dripinbeefflapz: bm
(15:24 / Allies) GoldwingX: need ur wood oj
(16:01 / All) I-MASS-BLUNTZ: cya
(16:03 / All) I-MASS-BLUNTZ: no teamwork
(16:33 / Allies) GoldwingX: out
(17:28 / Allies) GOSU.GOD.: we hit the worst fucking base
(17:43 / Allies) dripinbeefflapz: unitd
(17:48 / Allies) dripinbeefflapz: b
(17:48 / Allies) dripinbeefflapz: b
(17:48 / Allies) dripinbeefflapz: b
(17:49 / Allies) GoldwingX: jeezes
(17:52 / Allies) dripinbeefflapz: b
(17:52 / Allies) dripinbeefflapz: b
(17:54 / Allies) GOSU.GOD.: ignore it
(17:54 / Allies) dripinbeefflapz: back yellow
(18:07 / Allies) GOSU.GOD.: come
(18:07 / Allies) GOSU.GOD.: idiots
(18:09 / Allies) GOSU.GOD.: hit purple
(18:45 / Allies) GoldwingX: need wood oj
(18:55 / Allies) GoldwingX: dude u have 2.5k
(18:58 / Allies) GoldwingX: i have 180
(19:01 / Allies) GoldwingX: i need some fucken wod
(19:06 / Allies) GOSU.GOD.: why the fuck are we even in the middle
(20:15 / All) GOSU.GOD.: leave fag hackers
(20:28 / Allies) dripinbeefflapz: burrow
(20:39 / Allies) GoldwingX: i need some fucken wood
(20:42 / Allies) GoldwingX: pink u have 1.5k